 Dungeon Crawl Stone Soup version 0.24.0-13-gcf9b319 (webtiles) character file.

Game seed: 15898058881377703517, levelgen mode: deterministic

123549 Doobh the Covert (level 16, 0/96 HPs)
             Began as a Demonspawn Venom Mage on Dec 28, 2019.
             Succumbed to a redback's poison
             ... on level 1 of the Lair of Beasts on Dec 29, 2019.
             The game lasted 05:05:18 (39933 turns).

Doobh the Covert (Demonspawn Venom Mage)           Turns: 39933, Time: 05:05:19

Health: 0/96       AC: 31    Str: 14    XL:     16   Next: 37%
Magic:  20/22      EV:  9    Int: 19    God:
Gold:   3145       SH: 10    Dex: 11    Spells: 9/23 levels left

rFire    . . .     SeeInvis .   R - +3 trident "Kinaud" {flame, +Blink rPois}
rCold    + + .     Gourm    .   p - +0 large shield
rNeg     . . .     Faith    .   q - +7 Kryia's mail coat {PotionHeal*2 rC+}
rPois    +         Spirit   +   (no helmet)
rElec    .         Reflect  .   I - +2 cloak
rCorr    .         Harm     .   M - +0 pair of gloves
MR       +....     Clarity  +   (no boots)
Stlth    ++........             (no amulet)
HPRegen  0.66/turn              j - +5 ring of protection
MPRegen  0.36/turn              D - ring of poison resistance

@: lethally poisoned (0 -> -13), heavily drained
A: hooves 1, repulsion field 2, clarity, clumsy 1, cold resistance 1, deformed
body, icemail, regeneration 1, magic shield, magic regeneration, freezing cloud
immunity, subdued magic 1
a: Evoke Blink


You were on level 1 of the Lair of Beasts.
You were not hungry.

You visited 6 branches of the dungeon, and saw 27 of its levels.
You also visited: Ossuary and Ice Cave.

You collected 3551 gold pieces.
You spent 406 gold pieces at shops.

Inventory:

Hand Weapons
 o - a +3 vampiric short sword
 R - the +3 trident "Kinaud" (weapon) {flame, +Blink rPois}
   (You found it in an ice cave)

   It has been specially enchanted to burn those struck by it, causing extra
   injury to most foes and up to half again as much damage against particularly
   susceptible opponents.
   It protects you from poison.
   It lets you blink.
Missiles
 e - 37 poisoned darts (quivered)
 Z - 2 curare-tipped darts
Armour
 g - +0 acid dragon scales
 p - a +0 large shield (worn)
 q - the +7 Kryia's mail coat (worn) {PotionHeal*2 rC+}
   (You found it on level 5 of the Dungeon)

   It protects you from cold.
 I - a +2 cloak (worn)
 M - a +0 pair of gloves (worn)
Jewellery
 d - an uncursed ring of wizardry
 h - an uncursed ring of see invisible
 j - a +5 ring of protection (left hand)
 y - an uncursed ring of resist corrosion
 A - an uncursed ring of protection from fire
 B - an uncursed ring of ice
 D - a ring of poison resistance (right hand)
 L - a +6 ring of dexterity
 U - an uncursed ring of protection from magic
 V - an uncursed amulet of harm
Wands
 b - a wand of polymorph (17)
 l - a wand of paralysis (9)
 v - a wand of flame (46)
 G - a wand of acid (5)
 H - a wand of digging (15)
Scrolls
 r - 5 scrolls of enchant armour
 t - 7 scrolls of remove curse
 u - 2 scrolls of fear
 w - 5 scrolls of fog
 C - a scroll of brand weapon
 E - a scroll of silence
 F - a scroll of amnesia
 N - 3 scrolls of identify
 O - a scroll of enchant weapon
Potions
 a - a potion of might
 k - 4 potions of magic
 s - a potion of brilliance
 J - a potion of invisibility
 P - 2 potions of flight
Miscellaneous
 f - a lamp of fire (inert)
 m - a fan of gales (inert)
 X - a crystal ball of energy
Comestibles
 c - 22 rations


   Skills:
 - Level 4.0(1.7) Short Blades
   Level 3.0(1.3) Long Blades
 - Level 4.0(1.2) Polearms
 - Level 4.3(1.5) Throwing
 - Level 9.2(6.0) Armour
 - Level 9.0(5.8) Dodging
 - Level 12.0(8.6) Stealth
 + Level 9.1(6.0) Unarmed Combat
 - Level 4.0(1.2) Spellcasting
 + Level 10.0(6.8) Conjurations
 * Level 7.4(4.4) Ice Magic
 * Level 7.4(4.4) Air Magic
 - Level 6.1(3.2) Poison Magic
 - Level 9.3(6.1) Evocations


You had 9 spell levels left.
You knew the following spells:

 Your Spells              Type           Power        Failure   Level  Hunger
a - Sting                 Conj/Pois      ###.         89%         1    ##.....
b - Freezing Cloud        Conj/Ice/Air   ###.......   100%        6    #######
c - Olgreb's Toxic Radia  Pois           ##......     100%        4    #####..
d - Mephitic Cloud        Conj/Pois/Air  ###.....     100%        3    ####...

Your spell library contained the following spells:

 Spells                   Type           Power        Failure   Level  Hunger
 Magic Dart               Conj           ###.         67%         1    ##.....
 Searing Ray              Conj           ###...       82%         2    ###....
 Shock                    Conj/Air       ###.         83%         1    ##.....
 Poisonous Vapours        Pois/Air       ##....       99%         2    ###....
 Static Discharge         Conj/Air       ###.....     99%         3    ####...
 Animate Skeleton         Necr           N/A          100%        1    ##.....
 Apportation              Tloc           #.....       100%        1    ##.....
 Confusing Touch          Hex            #.....       100%        1    ##.....
 Pain                     Necr           #...         100%        1    ##.....
 Sandblast                Erth           #.....       100%        1    ##.....
 Summon Small Mammal      Summ           #...         100%        1    ##.....
 Passwall                 Tmut/Erth      #.......     100%        2    ###....
 Swiftness                Chrm/Air       #.......     100%        2    ###....
 Conjure Flame            Conj/Fire      ##......     100%        3    ####...
 Dazzling Spray           Conj/Hex       ##....       100%        3    ####...
 Regeneration             Chrm/Necr      #.........   100%        3    ####...
 Stone Arrow              Conj/Erth      ##....       100%        3    ####...
 Vampiric Draining        Necr           #.........   100%        3    ####...
 Airstrike                Air            ##........   100%        4    #####..
 Animate Dead             Necr           N/A          100%        4    #####..
 Force Lance              Conj/Tloc      ##......     100%        4    #####..
 Fulminant Prism          Conj/Hex       ##........   100%        4    #####..
 Iskenderun's Mystic Bla  Conj           ###.....     100%        4    #####..
 Petrify                  Tmut/Erth      #.......     100%        4    #####..
 Bolt of Magma            Conj/Fire/Erth #.........   100%        5    ######.
 Lee's Rapid Deconstruct  Erth           #.........   100%        5    ######.
 Lightning Bolt           Conj/Air       ###.......   100%        5    ######.
 Venom Bolt               Conj/Pois      ###.......   100%        5    ######.
 Ring of Flames           Chrm/Fire      #.........   100%        7    #######


Dungeon Overview and Level Annotations

Branches:
Dungeon (15/15)            Temple (1/1) D:7            Lair (6/6) D:11
  Swamp (0/4) Lair:3       Spider (1/4) Lair:3        Slime (2/5) Lair:6
    Orc (2/2) D:9             Elf (0/3) Orc:2        Vaults (0/5) D:13
Ossuary (visited)           IceCv (visited)
 Depths: D:15

Altars:
Ashenzari
Cheibriados
Dithmenos
Elyvilon
Fedhas
Gozag
Hepliaklqana
Kikubaaqudgha
Makhleb
Nemelex Xobeh
Okawaru
Qazlal
Ru
Sif Muna
Trog
Uskayaw
Vehumet
Wu Jian
Xom
Yredelemnul
Zin
The Shining One
Beogh

Shops:
D:7 :   D:8 !   Orc:2 }([*

Portals:
Trove: D:10 (give +3 fire dragon scales)

Annotations:
D:3 exclusion: door
Lair:2 exclusion: 2 oklob plants


Innate Abilities, Weirdness & Mutations

You have large cloven feet.
You are surrounded by a moderate repulsion field. (EV +3)
Your flesh is cold resistant. (rC+)
A meltable icy envelope protects you from harm. (AC +10)
When hurt, damage is shared between your health and your magic reserves.
You regenerate magic rapidly.
You are immune to freezing clouds.
You possess an exceptional clarity of mind.
You are clumsy. (Dex -2)
Armour fits poorly on your strangely shaped body.
Your natural rate of healing is unusually fast.
Your spells are a little easier to cast, but a little less powerful.


Message History

a redback corpse x2
Okay, then.
As you read the scroll labeled FUCURO HIU, it crumbles to dust.
You speak a Word of immense power!
You are blasted by holy energy!
* * * LOW HITPOINT WARNING * * *
It was a scroll of holy word.
* * * LOW HITPOINT WARNING * * *
You feel very sick.
Okay, then.
Okay, then.
There is a lethal amount of poison in your body!
* * * LOW HITPOINT WARNING * * *
You feel very sick.
* * * LOW HITPOINT WARNING * * *
You feel very sick.
* * * LOW HITPOINT WARNING * * *
You feel very sick.
* * * LOW HITPOINT WARNING * * *
You feel sick.
You die...

.s...####.........## #.......##.
.....##P.#.##...(.#####.......+.#
.....'.....##......#..'.......P..
.....########.....+...#........#.
.....# #......####.......###
.....# ###'#### #####'### #
#'#### #.## #..# # #.# ##..#
##.## #.## #.#@# #..# #..# ###.#
##'####### #.## #.## #........#
#.# ######..######........# ..#
#.........P..+........' .###
#...........#....[..... ...###
####............#........#
.#...###.#...........###........#
.###......+..........##..>......#


There were no monsters in sight!

Vanquished Creatures
  Kirke (D:14)
  A dire elephant (Lair:6)
  Snorg (D:12)
  A yaktaur captain (D:14)
  Erolcha (Orc:1)
  Harold (Orc:1)
  5 hydras
  A vault guard (D:13)
  4 centaur warriors (D:14)
  2 catoblepae
  3 two-headed ogres
  A tengu warrior (D:14)
  Urug (Lair:4)
  7 orc high priests
  A deep elf knight (D:14)
  4 skeletal warriors
  A deep elf archer (D:13)
  4 unseen horrors
  A glowing orange brain (D:15)
  2 wizards
  3 lindwurms (Lair:6)
  Pikel (D:8)
  A necromancer (D:13)
  3 deep elf magi
  3 wolf spiders
  4 orc sorcerers
  3 manticores
  11 ugly things
  A cyclops (shapeshifter) (D:14)
  6 cyclopes
  A moth of wrath (shapeshifter) (D:14)
  3 ice statues (IceCv)
  Maurice (D:9)
  3 gargoyles
  15 elephants
  3 black mambas (Lair:6)
  Psyche (D:8)
  2 yaktaurs
  9 spiny frogs
  5 rime drakes
  6 komodo dragons
  3 centaur skeletons
  A kobold demonologist (D:12)
  A freezing wraith (D:15)
  2 harpy zombies (D:15)
  A jumping spider (Lair:3)
  8 trolls
  2 hornets
  Grinder (D:4)
  A queen bee (shapeshifter) (D:15)
  A tyrant leech (Lair:3)
  13 blink frogs
  A hippogriff (shapeshifter) (D:13)
  2 dream sheep (D:14)
  18 slime creatures
  A dream sheep (shapeshifter) (D:14)
  10 hippogriffs
  2 wraiths
  3 wyverns
  A shadow (D:15)
  7 redbacks
  2 water elementals (D:15)
  13 yaks
  5 hogs (D:14)
  7 basilisks
  The ghost of Southernist the Poker, an amateur MfBe of Trog (D:3)
  18 humans (D:13)
  A steam dragon (D:14)
  6 hungry ghosts
  7 wargs
  A swamp worm (Lair:3)
  13 water moccasins
  14 porcupines
  An acid dragon (D:15)
  4 sky beasts
  2 floating eyes (shapeshifter) (D:12)
  A black bear (D:8)
  19 ice beasts
  17 orc warriors
  A necrophage (D:7)
  4 phantoms
  3 slaves (D:8)
  9 wolves
  13 centaurs
  3 ogres
  13 crocodiles
  Blork the orc (D:5)
  5 big kobolds
  15 bullfrogs
  A wyvern zombie (D:15)
  A gnoll sergeant (D:5)
  A wyvern skeleton (D:14)
  4 scorpions
  2 troll zombies (D:9)
  7 killer bees
  4 electric eels
  18 wights
  2 howler monkeys
  4 crimson imps
  2 bullfrog zombies
  7 jellies
  7 centaur zombies
  44 orc priests
  5 hounds
  2 bullfrog skeletons (D:7)
  21 orc wizards
  4 iguanas
  11 worker ants
  6 ogre zombies (D:9)
  6 big kobold zombies (Ossuary)
  2 hound zombies (D:6)
  A hound skeleton (D:4)
  A mummy (Ossuary)
  A howler monkey zombie (D:6)
  A worker ant zombie (D:9)
  21 adders
  4 gnolls (D:5)
  4 shadow imps
  2 oozes
  3 adder skeletons
  3 worms (D:2)
  9 dart slugs
  6 leopard geckos
  115 orcs
  8 bats
  4 giant cockroaches
  6 gnoll zombies (Ossuary)
  2 goblins
  6 hobgoblins
  8 jackals
  25 kobolds
  8 quokkas
  2 ball pythons (D:1)
  2 bat simulacra (Ossuary)
  4 frilled lizards
  6 goblin simulacra (Ossuary)
  8 goblin zombies
  9 hobgoblin zombies
  A jackal skeleton (D:4)
  2 jackal zombies
  A kobold simulacrum (Ossuary)
  7 kobold zombies (Ossuary)
  A leopard gecko skeleton (D:8)
  4 orc skeletons (D:9)
  15 orc zombies
  4 rats
  7 rat simulacra (Ossuary)
  5 spectral goblins (Ossuary)
  6 spectral kobolds (Ossuary)
  3 spectral rats (Ossuary)
  A fungus (Lair:5)
  A plant (Lair:4)
894 creatures vanquished.

Vanquished Creatures (collateral kills)
  An orc (D:12)
1 creature vanquished.

Vanquished Creatures (others)
  A necromancer (D:13)
  An ugly thing (D:14)
  A human (D:14)
  A slave (D:8)
  An ogre (Orc:2)
  5 fungi
  6 plants
16 creatures vanquished.

Grand Total: 911 creatures vanquished

Notes
Turn   | Place    | Note
-------+----------+-------------------------------------------
     0 | D:1      | Doobh the Demonspawn Venom Mage began the quest for the
                  | Orb.
     0 | D:1      | Reached XP level 1. HP: 13/13 MP: 3/3
   508 | D:1      | Gained mutation: Your flesh is cold resistant. (rC+)
                  | [demonic ancestry]
   508 | D:1      | Reached XP level 2. HP: 19/19 MP: 3/5
   755 | D:1      | Reached skill level 2 in Stealth
  1194 | D:1      | Reached XP level 3. HP: 21/24 MP: 0/6
  1697 | D:2      | Reached skill level 1 in Armour
  2506 | D:2      | Gained mutation: When hurt, damage is shared between your
                  | health and your magic reserves. [demonic ancestry]
  2506 | D:2      | Reached XP level 4. HP: 5/30 MP: 1/7
  3232 | D:3      | Found a runed translucent door.
  3236 | D:3      | Noticed Southernist's ghost (amateur MfBe)
  3724 | D:4      | Reached skill level 1 in Short Blades
  4029 | D:4      | Reached XP level 5. HP: 14/35 MP: 2/8
  4371 | D:4      | Reached skill level 1 in Throwing
  4857 | D:4      | Gained mutation: You have large cloven feet. [demonic
                  | ancestry]
  4857 | D:4      | Reached XP level 6. HP: 36/41 MP: 4/9
  4893 | D:4      | Noticed Grinder
  5097 | D:5      | Entered Level 5 of the Dungeon
  5104 | D:5      | Found the +7 Kryia's mail coat {PotionHeal*2 rC+}
  5434 | D:5      | Found a sand-covered staircase.
  5439 | Ossuary  | Entered an ossuary
  5952 | Ossuary  | Reached XP level 7. HP: 45/46 MP: 9/11
  6668 | D:5      | Reached skill level 3 in Stealth
  6982 | D:5      | Found an ancient bone altar of Kikubaaqudgha.
  7010 | D:5      | Noticed Blork the orc
  7041 | D:5      | Killed Blork the orc
  7163 | D:6      | Gained mutation: You are immune to freezing clouds.
                  | [demonic ancestry]
  7163 | D:6      | Reached XP level 8. HP: 47/52 MP: 7/12
  7554 | D:5      | Reached skill level 5 in Poison Magic
  7877 | D:6      | Found a stormy altar of Qazlal.
  7882 | D:6      | Found a blossoming altar of Fedhas.
  7922 | D:7      | Found a staircase to the Ecumenical Temple.
  7944 | Temple   | Entered the Ecumenical Temple
  8124 | D:7      | Found an opulent altar of Gozag.
  8125 | D:7      | Found a hazy altar of Hepliaklqana.
  8125 | D:7      | Found a shimmering altar of Xom.
  8157 | D:7      | Found a glowing golden altar of the Shining One.
  8157 | D:7      | Found an iron altar of Okawaru.
  8180 | D:7      | Found a white marble altar of Elyvilon.
  8180 | D:7      | Found a shimmering blue altar of Sif Muna.
  8181 | D:7      | Found a hide-covered altar of Uskayaw.
  8879 | D:7      | Reached XP level 9. HP: 57/57 MP: 14/14
  8898 | D:7      | Found Velaaxt's Book Boutique.
  9257 | D:8      | Found Qoasep's Distillery.
  9329 | D:8      | Noticed Pikel
  9361 | D:8      | Paralysed by Pikel for 5 turns
  9373 | D:8      | Killed Pikel
  9373 | D:8      | Reached skill level 4 in Stealth
  9682 | D:9      | Reached skill level 5 in Armour
  9754 | D:9      | Reached skill level 1 in Evocations
  9957 | D:9      | Found a staircase to the Orcish Mines.
 10187 | D:8      | Bought a potion of curing for 36 gold pieces
 10187 | D:8      | Bought a potion of heal wounds for 60 gold pieces
 10288 | D:8      | Found a roughly hewn altar of Beogh.
 10472 | D:8      | Reached XP level 10. HP: 63/63 MP: 14/16
 10489 | D:8      | Reached skill level 5 in Stealth
 10652 | D:9      | Noticed Maurice
 10672 | D:9      | Killed Maurice
 10818 | D:9      | Reached skill level 5 in Conjurations
 10900 | D:9      | Reached skill level 5 in Dodging
 11019 | D:9      | Found a snail-covered altar of Cheibriados.
 11754 | D:8      | Noticed Psyche
 11769 | D:8      | Killed Psyche
 11769 | D:8      | Reached skill level 1 in Long Blades
 12112 | D:8      | Learned a level 6 spell: Freezing Cloud
 12117 | D:8      | Learned a level 4 spell: Olgreb's Toxic Radiance
 12121 | D:8      | Learned a level 3 spell: Mephitic Cloud
 12498 | D:6      | Reached skill level 6 in Stealth
 13654 | D:3      | Killed Southernist's ghost
 13924 | D:4      | Paralysed by Grinder for 4 turns
 13932 | D:4      | Killed Grinder
 14303 | D:10     | Entered Level 10 of the Dungeon
 14313 | D:10     | Noticed a two-headed ogre
 14401 | D:9      | Killed a two-headed ogre
 14401 | D:9      | Gained mutation: You are surrounded by a mild repulsion
                  | field. (EV +2) [demonic ancestry]
 14401 | D:9      | Reached XP level 11. HP: 63/68 MP: 9/17
 14575 | D:10     | Reached skill level 5 in Evocations
 14889 | D:10     | Reached skill level 1 in Ice Magic
 14994 | D:10     | Reached skill level 1 in Unarmed Combat
 15317 | D:10     | Found a portal to a secret trove of treasure.
 15531 | D:10     | Reached skill level 7 in Stealth
 15545 | D:11     | Found a staircase to the Lair.
 16109 | D:11     | Noticed a four-headed hydra
 16971 | D:11     | Got a shimmering bone ring
 17071 | Orc:1    | Entered Level 1 of the Orcish Mines
 17094 | Orc:2    | Entered Level 2 of the Orcish Mines
 17121 | Orc:1    | Identified the ring of the Immovable Beggars {Dex+4 Stlth-}
                  | (You found it on level 11 of the Dungeon)
 17279 | Orc:2    | Noticed an orc sorcerer
 17315 | Orc:2    | Noticed an orc sorcerer
 17327 | Orc:2    | Killed an orc sorcerer
 17455 | Orc:1    | Paralysed by an orc sorcerer for 6 turns
 17561 | Orc:1    | Killed an orc sorcerer
 17693 | Orc:2    | Gained mutation: Your body sometimes deteriorates upon
                  | taking damage. [mutagenic glow]
 18026 | Orc:2    | Noticed an orc high priest
 18048 | Orc:2    | Noticed a sixfirhy
 18062 | Orc:2    | Noticed a sixfirhy
 18210 | Lair:1   | Entered Level 1 of the Lair of Beasts
 18509 | Lair:1   | Lost mutation: Your body sometimes deteriorates upon taking
                  | damage. [potion of mutation]
 18509 | Lair:1   | Gained mutation: You possess an exceptional clarity of
                  | mind. [potion of mutation]
 18509 | Lair:1   | Gained mutation: Your natural rate of healing is unusually
                  | fast. [potion of mutation]
 18752 | Lair:1   | Reached XP level 12. HP: 73/74 MP: 13/18
 20199 | D:12     | Found a frozen archway.
 20210 | IceCv    | Entered an ice cave
 20480 | IceCv    | Reached skill level 5 in Ice Magic
 20505 | IceCv    | Reached skill level 8 in Stealth
 20661 | IceCv    | Got dazzling ice dragon scales
 20683 | IceCv    | Got a slimy trident
 20687 | IceCv    | Identified the +3 trident "Kinaud" {flame, +Blink rPois}
                  | (You found it in an ice cave)
 20801 | D:11     | Reached skill level 1 in Polearms
 21205 | D:12     | Identified the +1 ice dragon scales "Icugisax" {rF- rC++
                  | Int+7 Dex+2 Stlth-} (You found it in an ice cave)
 21207 | D:12     | Identified a scroll of acquirement
 21432 | D:12     | Noticed Snorg
 21484 | D:12     | Killed Snorg
 22261 | Lair:3   | Found a hole to the Spider Nest.
 22299 | Lair:2   | Reached skill level 1 in Air Magic
 22767 | Lair:3   | Noticed a four-headed hydra
 22781 | Lair:3   | Killed a four-headed hydra
 23147 | Lair:3   | Found a staircase to the Swamp.
 23464 | Lair:3   | Gained mutation: You regenerate magic rapidly. [demonic
                  | ancestry]
 23464 | Lair:3   | Reached XP level 13. HP: 79/79 MP: 17/19
 24643 | Lair:4   | Noticed Urug
 24703 | Lair:4   | Killed Urug
 24999 | Lair:5   | Reached skill level 5 in Unarmed Combat
 25361 | Lair:5   | Reached skill level 9 in Stealth
 26023 | Lair:6   | Entered Level 6 of the Lair of Beasts
 26275 | Lair:6   | Reached skill level 5 in Air Magic
 26501 | Lair:6   | Found a staircase to the Slime Pits.
 27212 | Lair:6   | Reached XP level 14. HP: 69/85 MP: 15/20
 28367 | D:13     | Reached skill level 10 in Stealth
 28367 | D:13     | Gained mutation: A meltable icy envelope protects you from
                  | harm. (AC +10) [demonic ancestry]
 28367 | D:13     | Reached XP level 15. HP: 90/90 MP: 21/21
 29496 | D:13     | Found a gate to the Vaults.
 29891 | D:14     | Noticed Kirke
 29908 | D:14     | Noticed a sphinx
 29911 | D:14     | Paralysed by a sphinx for 4 turns
 30309 | D:14     | Found a bloodstained altar of Trog.
 30332 | D:14     | Found a runed translucent door.
 30374 | D:14     | Reached skill level 11 in Stealth
 30524 | D:14     | Killed Kirke
 31511 | D:15     | Entered Level 15 of the Dungeon
 32089 | Slime:1  | Entered Level 1 of the Pits of Slime
 32891 | Slime:1  | Gained mutation: Armour fits poorly on your strangely
                  | shaped body. [a shining eye]
 32899 | Slime:2  | Noticed an azure jelly
 32902 | Slime:1  | Gained mutation: You are clumsy. (Dex -2) [a shining eye]
 32906 | Slime:1  | Gained mutation: Your spells are a little easier to cast,
                  | but a little less powerful. [a shining eye]
 32925 | Lair:6   | Identified the Reference Book on Confrontation (You
                  | acquired it on level 6 of the Lair of Beasts)
 33846 | Orc:2    | Gained mutation: You are surrounded by a moderate repulsion
                  | field. (EV +3) [demonic ancestry]
 33846 | Orc:2    | Reached XP level 16. HP: 86/96 MP: 19/22
 34366 | Orc:2    | Found a staircase to the Elven Halls.
 34624 | Orc:2    | Found Dempiq's Gadget Shop.
 34624 | Orc:2    | Found Neoreck's Antique Weapon Shoppe.
 35203 | Orc:2    | Found a roughly hewn altar of Beogh.
 35281 | Orc:2    | Found Leosuesh's Armour Shop.
 35281 | Orc:2    | Found Hamp's Assorted Antiques.
 35295 | Orc:2    | Bought a potion of haste for 310 gold pieces
 36019 | Orc:1    | Paralysed by an orc sorcerer for 7 turns
 36227 | Orc:1    | Noticed Erolcha
 36266 | Orc:1    | Killed Erolcha
 36506 | Orc:1    | Noticed Harold
 36511 | Orc:1    | Killed Harold
 37823 | D:15     | Found a shimmering altar of Xom.
 38097 | D:15     | Reached skill level 12 in Stealth
 39041 | D:15     | Reached skill level 10 in Conjurations
 39784 | Spider:1 | Entered Level 1 of the Spider Nest
 39883 | Lair:1   | HP: 4/96 [poisoned by a redback]
 39886 | Lair:1   | HP: 1/96 [poisoned by a redback]
 39931 | Lair:1   | HP: 3/96 [poisoned by a redback]
 39933 | Lair:1   | Succumbed to a redback's poison

Levels and vault maps discovered:
D:1:      dpeg_arrival_snail, layout_basic
D:2:      layout_basic
D:3:      layout_basic, ebering_ghost_sewer_d, first_ration
D:4:      layout_loops_corners, uniq_grinder
D:5:      layout_loops_cross, kennysheep_mini_moat,
          nicolae_ossuary_entry_false_entrances, lightli_minifort,
          uniq_blork_the_orc
D:6:      layout_basic, grunt_temple_overflow_forces_of_nature
D:7:      kennysheep_slugbush, layout_basic, grunt_temple_overflow_open,
          minmay_temple_entry_junction, serial_shops, nicolae_shop_waterfront
D:8:      layout_loops_corners, serial_shops, shop_statue, special_room
          [special_room_orc], uniq_pikel, uniq_psyche
D:9:      layout_gridville, kennysheep_mini, zombieorc2_lemuel, uniq_maurice
D:10:     layout_loops_corners, enter_trove_6
D:11:     layout_loops_corners, minmay_lair_entry_grove
D:12:     kennysheep_blocky_hall, layout_loops_corners,
          portal_ice_cave_entry_ice_beasts, uniq_snorg
D:13:     layout_rooms, grunt_vaults_entry_tiered
D:14:     layout_loops_ring, lemuel_coloured_pillars_altar, hangedman_ranch
          [blue_anna_fruit_fields], lightli_airlock, uniq_kirke
D:15:     gammafunk_enter_depths_forms, layout_basic, basic_altar,
          roderic_roman_lattice
Temple:   compressed_dpeg_circular_temple
Lair:1:   layout_roguey, lemuel_fruit_tree
Lair:2:   layout_hall_layers, lemuel_oklob_altar
Lair:3:   layout_long_grid, minmay_swamp_entry_worms,
          spider_nest_entry_funnel_web, lemuel_old_faithful,
          infiniplex_staircase_pool_2
Lair:4:   layout_cave_pods, minivault_26, uniq_urug
Lair:5:   minmay_lair_venomous_thicket, layout_long_grid, minivault_19,
          st_stairs_3, grunt_megastairs_1, serial_bayou_shore_b
Lair:6:   hangedman_lair_in_review, layout_regular_city, slime_dummy
Spider:1: layout_spider_delve
Slime:1:  layout_caves
Slime:2:  layout_caves, nicolae_slime_phagocytosis
Orc:1:    layout_diamond_mine, lightli_orcish_oven, uniq_erolcha, uniq_harold
Orc:2:    st_orc_town, layout_diamond_mine, nicolae_orc_sculptors_studio

Skill      XL: |  1  2  3  4  5  6  7  8  9 10 11 12 13 14 15 16 |
---------------+-------------------------------------------------+-----
Stealth        | 2 3 4 6 7 8 9 10 11 12 | 12.0
Dodging        | 2 3 4 6 7 8 9 |  9.0
Armour         | 1 2 3 4 5 6 7 8 9 |  9.2
Short Blades   | 1 2 3 4 |  4.0
Throwing       | 1 2 3 4 |  4.3
Conjurations   | 2 3 4 6 7 9 10 | 10.0
Poison Magic   | 4 5 6 |  6.1
Spellcasting   | 3 4 |  4.0
Evocations     | 2 4 6 7 8 9 |  9.3
Long Blades    | 3 |  3.0
Ice Magic      | 4 6 7 |  7.4
Unarmed Combat | 3 4 6 8 9 |  9.1
Polearms       | 3 4 |  4.0
Air Magic      | 2 5 6 7 |  7.4

Action                   |  1- 3 |  4- 6 |  7- 9 | 10-12 | 13-15 | 16-18 || total
-------------------------+-------+-------+-------+-------+-------+-------++-------
Melee: Unarmed           |    31 |       |       |       |       |       ||    31
       Short sword       |    54 |   363 |   955 |   717 |       |       ||  2089
       Kick              |       |   100 |   233 |   527 |   604 |   203 ||  1667
       Scimitar          |       |       |       |   885 |       |       ||   885
       Dagger            |       |       |       |    67 |       |       ||    67
       Punch             |       |       |       |    16 |    69 |       ||    85
       Trident           |       |       |       |   507 |  2187 |  1067 ||  3761
Throw: Dart              |       |    30 |    84 |   127 |    30 |    20 ||   291
       Boomerang         |       |       |       |     3 |       |       ||     3
 Cast: Sting             |    96 |    31 |    33 |    94 |     3 |       ||   257
       Mephitic Cloud    |       |       |       |    16 |    50 |       ||    66
       Olgreb's Toxic Ra |       |       |       |     2 |       |       ||     2
Evoke: Wand              |       |       |       |    18 |    18 |    65 ||   101
       Fan of gales      |       |       |       |       |       |     1 ||     1
       Lamp of fire      |       |       |       |       |       |     1 ||     1
       Sack of spiders   |       |       |       |       |       |     1 ||     1
  Use: Scroll            |       |     4 |     4 |    24 |    10 |     4 ||    46
       Potion            |       |       |       |    20 |     9 |    13 ||    42
 Stab: Sleeping          |     7 |     2 |       |     3 |    16 |     5 ||    33
       Paralysed         |       |       |       |    11 |    13 |     1 ||    25
       Confused          |       |       |       |    14 |    43 |       ||    57
       Invisible         |       |       |       |     1 |       |       ||     1
       Distracted        |       |       |       |       |     2 |     1 ||     3
       Petrified         |       |       |       |       |     2 |       ||     2
  Eat: Chunk             |     6 |     5 |    15 |    18 |    32 |     7 ||    83
       Ration            |       |     2 |     1 |    11 |     5 |     5 ||    24
Armor: Robe              |    32 |    12 |       |       |       |       ||    44
       Leather armour    |       |    18 |       |       |       |       ||    18
       Scale mail        |       |   113 |   564 |  1599 |  1337 |   753 ||  4366
       Skin              |       |       |       |       |     1 |     1 ||     2
       Acid dragon scale |       |       |       |       |       |     5 ||     5
Dodge: Dodged            |    66 |   133 |   401 |  1766 |  1607 |   525 ||  4498
Block: Large shield      |       |       |       |       |   130 |   633 ||   763
       Rpst.: Scimitar   |       |       |       |   151 |       |       ||   151
